 Dungeon Crawl Stone Soup version 0.19.1 (webtiles) character file.

3021 kae the Destroyer (level 9, 0/52 HPs)
             Began as a Tengu Fire Elementalist on Dec 8, 2016.
             Was a Follower of Vehumet.
             Slain by a warg (2 damage)
             ... on level 8 of the Dungeon.
             The game lasted 00:14:07 (10854 turns).

kae the Destroyer (Tengu Fire Elementalist)        Turns: 10854, Time: 00:14:08

Health: 0/52       AC:  3    Str:  8      XL:     9   Next: 85%
Magic:  6/19       EV: 15    Int: 18      God:    Vehumet [*.....]
Gold:   379        SH:  0    Dex: 13 (16) Spells: 6 memorised, 4 levels left

rFire  . . .     SeeInvis .     a - +12 glaive of Prune {chop}
rCold  . . .     Gourm    .     z - +1 robe
rNeg   . . .     Faith    .     (shield currently unavailable)
rPois  .         Spirit   .     (helmet restricted)
rElec  .         Reflect  .     (no cloak)
rCorr  +         Harm     .     (no gloves)
MR     .....                    (boots unavailable)
Stlth  ++........               (no amulet)
                                t - ring of resist corrosion
                                f - ring of wizardry (curse)

@: no status effects
A: beak, talons 3, able to fly 1
a: Fly, Renounce Religion


You were on level 8 of the Dungeon.
You worshipped Vehumet.
Vehumet was aware of your devotion.
You were not hungry.

You visited 2 branches of the dungeon, and saw 10 of its levels.

You collected 379 gold pieces.

Inventory:

Hand Weapons
 a - the +12 glaive of Prune (weapon) {chop}
   (You found it on level 8 of the Dungeon)

   It inflicts extra damage upon your enemies.
 b - a +2 trident of piercing
 g - a +1 bardiche
 l - a +0 whip
 s - a +0 scythe
Armour
 z - a +1 robe (worn)
Jewellery
 f - a cursed ring of wizardry (left hand)
 t - a ring of resist corrosion (right hand)
Wands
 n - a wand of teleportation (1/9)
 v - a wand of random effects (20/48)
 A - a wand of digging (11/24)
Scrolls
 h - a scroll of identify
 o - a scroll of enchant weapon
 r - a scroll of remove curse
 w - a scroll of teleportation
 y - a scroll of magic mapping {unknown}
 B - a scroll of fear {unknown}
Potions
 d - a potion of mutation
 e - a potion of might
 j - a potion of beneficial mutation
 k - 2 potions of degeneration
 m - a potion of heal wounds
 p - 3 potions of curing
 q - 2 potions of resistance
 x - a potion of flight {unknown}
Books
 i - a book of Flames

   Spells                             Type                      Level
   a - Flame Tongue                   Conjuration/Fire             1
   b - Throw Flame                    Conjuration/Fire             2
   c - Conjure Flame                  Conjuration/Fire             3
   d - Inner Flame                    Hexes/Fire                   3
   e - Sticky Flame                   Conjuration/Fire             4
   f - Fireball                       Conjuration/Fire             5
Comestibles
 c - 7 bread rations
 u - 3 fruits


   Skills:
 + Level 4.4 Fighting
 * Level 0.0 Maces & Flails
 + Level 5.3 Dodging
 - Level 2.0 Stealth
 * Level 6.3 Spellcasting
 * Level 8.8 Conjurations
 * Level 8.3 Fire Magic


You had 4 spell levels left.
You knew the following spells:

 Your Spells              Type           Power        Failure   Level  Hunger
a - Flame Tongue          Conj/Fire      #####        1%          1    None
b - Throw Flame           Conj/Fire      #####.       1%          2    None
c - Conjure Flame         Conj/Fire      #####...     1%          3    ##.....
d - Sticky Flame          Conj/Fire      #####...     1%          4    ####...
e - Fireball              Conj/Fire      #####.....   4%          5    #####..
f - Magic Dart            Conj           ####         1%          1    None


Dungeon Overview and Level Annotations

Branches:
Dungeon (9/15)             Temple (1/1) D:6
   Lair: D:8-11         Orc: D:9-12

Altars:
Ashenzari
Cheibriados
Dithmenos
Fedhas
Gozag
Kikubaaqudgha
Makhleb
Nemelex Xobeh
Okawaru
Qazlal
Ru
Sif Muna
Trog
Uskayaw
Vehumet
Xom
Yredelemnul
Zin
The Shining One

Shops:
D:8 }


Innate Abilities, Weirdness & Mutations

You have a beak for a mouth.
You have claws for feet.
You can fly.


Message History

The warg is covered in liquid flames!
The warg burns!
The warg barely misses you.
Casting: Sticky Flame
Confirm with . or Enter, or press ? or * to list all spells.
Aiming: Flame Tongue
Press: ? - help, Shift-Dir - straight line, f/p - warg
Aim: a warg (heavily wounded, covered in liquid flames)
The flame tongue hits the warg.
The warg is severely wounded.
The warg burns!
The warg closely misses you. The warg bites you!
* * * LOW HITPOINT WARNING * * *
Casting: Flame Tongue
Confirm with . or Enter, or press ? or * to list all spells.
Aiming: Sticky Flame
Press: ? - help, Shift-Dir - straight line, f/p - warg
Aim: a warg (severely wounded, covered in liquid flames)
The sticky flame hits the warg.
The warg is severely wounded.
The warg is covered in liquid flames!
The warg burns!
The warg bites you.
You die...

...>...#.....## ###...
.......#####..## ###.....
.......# ####.######
#.<..... ......##
##.........#### ##......
......# ##.............##
#.....† ......#
#...............###......
.....##
#........................
....##
#................###.....
...##
#.......@.......##.......
####
###......h......##.##....
####................... #
######.........##### ##
##........# .## ######
#.#...8..# ..#
##....#####.#......# #.##
##........##.########
##.## ##..>.........#


You could see a warg (burning).

Vanquished Creatures
  A hill giant (D:8)
  A hippogriff (D:8)
  Sigmund (D:5)
  A hungry ghost (D:7)
  Duvessa (D:6)
  A black bear (D:7)
  An orc warrior (D:7)
  A phantom (D:4)
  2 big kobolds
  3 bullfrogs
  Dowan (D:6)
  2 scorpions
  3 killer bees (D:8)
  A wight (D:7)
  A crimson imp (D:6)
  A quasit (D:8)
  A centaur zombie (D:4)
  4 hounds
  2 jellies
  3 orc priests
  2 bullfrog skeletons (D:4)
  A gnoll shaman (D:6)
  2 iguanas
  5 orc wizards
  5 worker ants
  A hound zombie (D:5)
  2 howler monkey skeletons
  2 howler monkey zombies
  8 gnolls
  A worker ant zombie (D:8)
  5 adders
  A shadow imp (D:8)
  3 worms
  2 dart slugs
  8 leopard geckos
  24 orcs
  3 ball pythons
  5 giant cockroaches
  6 goblins
  8 hobgoblins
  9 jackals
  15 kobolds
  5 quokkas
  5 bats
  A jackal skeleton (D:5)
  A quokka skeleton (D:5)
  5 rats
167 creatures vanquished.

Notes
Turn   | Place    | Note
-------+----------+-------------------------------------------
     0 | D:1      | kae the Tengu Fire Elementalist began the quest for the Orb.
     0 | D:1      | Reached XP level 1. HP: 10/10 MP: 4/4
   106 | D:1      | Reached XP level 2. HP: 16/16 MP: 3/6
   686 | D:2      | Reached XP level 3. HP: 12/20 MP: 0/7
  1488 | D:2      | Found a glowing golden altar of the Shining One.
  1937 | D:3      | Reached skill level 1 in Fighting
  1937 | D:3      | Reached XP level 4. HP: 16/25 MP: 3/8
  2053 | D:3      | Learned a level 2 spell: Throw Flame
  2057 | D:3      | Learned a level 3 spell: Conjure Flame
  2868 | D:3      | Gained mutation: You can fly. [Tengu growth]
  2868 | D:3      | Reached XP level 5. HP: 29/29 MP: 5/10
  3027 | D:3      | Found a faded altar of an unknown god.
  3789 | D:4      | Reached XP level 6. HP: 35/35 MP: 5/11
  4157 | D:4      | Learned a level 4 spell: Sticky Flame
  4481 | D:4      | Noticed a phantom
  4521 | D:4      | Killed a phantom
  4521 | D:4      | Reached skill level 5 in Fire Magic
  4672 | D:4      | Reached XP level 7. HP: 40/40 MP: 0/13
  5080 | D:4      | Reached skill level 5 in Conjurations
  5370 | D:5      | Entered Level 5 of the Dungeon
  5470 | D:5      | Noticed Sigmund
  5896 | D:5      | Killed Sigmund
  6218 | D:6      | Reached XP level 8. HP: 45/45 MP: 10/15
  6698 | D:6      | Found a staircase to the Ecumenical Temple.
  6775 | Temple   | Entered the Ecumenical Temple
  6929 | Temple   | Became a worshipper of Vehumet
  7194 | D:6      | Noticed Dowan
  7200 | D:6      | Noticed Duvessa
  7201 | D:6      | Killed Dowan
  7412 | D:6      | Killed Duvessa
  7669 | D:6      | Reached skill level 5 in Spellcasting
  8058 | D:7      | Found a blossoming altar of Fedhas.
  8059 | D:7      | Found an ancient bone altar of Kikubaaqudgha.
  8550 | D:7      | Reached XP level 9. HP: 51/51 MP: 11/18
  8581 | D:7      | Reached * piety under Vehumet
  8581 | D:7      | Offered knowledge of Magic Dart by Vehumet.
  8650 | D:7      | Learned a level 5 spell: Fireball
  8652 | D:7      | Learned a level 1 spell: Magic Dart
  9015 | D:7      | Found a glowing golden altar of the Shining One.
  9798 | D:8      | Found Idipakh's Gadget Shop.
  9827 | D:8      | Noticed a hill giant
  9848 | D:8      | Killed a hill giant
  9848 | D:8      | Reached skill level 5 in Dodging
 10641 | D:8      | Offered knowledge of Throw Frost by Vehumet.
 10853 | D:8      | HP: 2/52 [warg (11)]
 10854 | D:8      | Slain by a warg

Skill      XL: |  1  2  3  4  5  6  7  8  9 |
---------------+----------------------------+-----
Conjurations   | 2 3 4 5 7 8 |  8.8
Fire Magic     | 4 5 7 8 |  8.3
Fighting       | 1 2 3 4 |  4.4
Spellcasting   | 3 4 5 6 |  6.3
Dodging        | 3 4 5 |  5.3
Stealth        | |  2.0

Action                   |  1- 3 |  4- 6 |  7- 9 || total
-------------------------+-------+-------+-------++-------
Melee: Unarmed           |    11 |       |       ||    11
       Kick              |     7 |     5 |    11 ||    23
       Peck              |     1 |     2 |     7 ||    10
       Whip              |    10 |     9 |       ||    19
       Bardiche          |       |     8 |    25 ||    33
       Trident           |       |       |    47 ||    47
       Glaive            |       |       |    11 ||    11
 Cast: Flame Tongue      |    68 |    66 |   177 ||   311
       Throw Flame       |       |    25 |    56 ||    81
       Conjure Flame     |       |     1 |     8 ||     9
       Sticky Flame      |       |     1 |     9 ||    10
  Use: Scroll            |     5 |       |    12 ||    17
       Potion            |       |     3 |     1 ||     4
 Stab: Sleeping          |     1 |     1 |     2 ||     4
  Eat: Chunk             |     4 |     8 |    13 ||    25
       Pizza             |       |     1 |       ||     1
       Meat ration       |       |       |     2 ||     2
Armor: Robe              |     9 |     5 |    28 ||    42
Dodge: Dodged            |    48 |    48 |   119 ||   215
